 Dungeon Crawl Stone Soup version 0.28-a0-313-gbc0475efdd (webtiles) character file.

Game seed: 381095522428031409

376 dracfodder the Cudgeller (level 6, -11/39 HPs)
             Began as a Gargoyle Berserker on Aug 29, 2021.
             Was a Priest of Trog.
             Mangled by an ogre (13 damage)
             ... on level 4 of the Dungeon on Aug 31, 2021.
             The game lasted 00:15:20 (4144 turns).

dracfodder the Cudgeller (Gargoyle Berserker)       Turns: 4144, Time: 00:15:20

Health: -11/39     AC: 11    Str: 23    XL:     6   Next: 73%
Magic:  6/6        EV: 11    Int:  7    God:    Trog [***...]
Gold:   195        SH:  0    Dex:  9    Spells: 5/5 levels left

rFire   . . .      SeeInvis .   a - +0 mace
rCold   . . .      Faith    .   (no shield)
rNeg    + . .      Spirit   .   k - +0 ring mail
rPois   ∞          Reflect  .   (no helmet)
rElec   +          Harm     .   j - +0 cloak
rCorr   .          Rampage  .   (no gloves)
Will    .....                   (no boots)
Stlth   +.........              (no amulet)
HPRegen 0.13/turn               (no ring)
MPRegen 0.10/turn               (no ring)

@: on berserk cooldown, slowed, very slow
A: sickness immunity, AC +4, negative energy resistance 1, electricity
resistance, torment resistance 1, petrification resistance
a: Renounce Religion, Berserk, Trog's Hand


You were on level 4 of the Dungeon.
You worshipped Trog.
Trog was most pleased with you.
You visited 2 branches of the dungeon, and saw 6 of its levels.

You collected 195 gold pieces.

Inventory:

Hand Weapons
 a - a +0 mace (weapon)
 b - a +0 longbow
 e - a +0 hunting sling
Missiles
 d - 81 stones (quivered)
 h - 9 arrows
 i - 26 sling bullets
Armour
 j - a +0 cloak (worn)
 k - a +0 ring mail (worn)
Scrolls
 l - a scroll of magic mapping {unknown}
Potions
 c - a potion of curing
 f - a potion of lignification {unknown}
 g - a potion of haste
 n - a potion of mutation {unknown}


   Skills:
 + Level 4.6 Fighting
 + Level 4.9 Maces & Flails
 + Level 2.1 Bows
 + Level 3.4 Armour
 + Level 2.5 Dodging
 + Level 0.8 Stealth


You had 5 spell levels left.
You didn't know any spells.
Your spell library was empty.

Dungeon Overview and Level Annotations

Branches:
Dungeon (5/15)             Temple (1/1) D:4

Altars:
Ashenzari
Cheibriados
Dithmenos
Elyvilon
Fedhas
Gozag
Hepliaklqana
Kikubaaqudgha
Makhleb
Okawaru
Qazlal
Ru
Sif Muna
Trog
Wu Jian
Xom
Yredelemnul
Zin

Shops:
D:1 [


Innate Abilities, Weirdness & Mutations

You are immune to sickness and miasma.
Your stone body is resilient. (AC +4)
You are immune to poison.
You resist negative energy. (rN+)
You are resistant to electric shocks. (rElec)
You are resistant to unholy torment.
You are immune to petrification.


Message History

The ball python constricts you.
You sock the ball python!
You kill the ball python!
Trog accepts your kill.
No target in view!
No target in view!
No target in view!
No target in view!
No target in view!
You see here a ball python corpse.
An ogre comes into view. It is wielding a +0 giant spiked club.
The ogre shouts!
A red film seems to cover your vision as you go berserk!
You feel yourself moving faster!
You feel mighty!
You feel a strong urge to attack something.
You feel your anger nearly subside.
The ogre hits you with a +0 giant spiked club!!
You barely miss the ogre. You sock the ogre!
The ogre is moderately wounded.
You are no longer berserk.
You are exhausted.
You feel yourself slow down.
The ogre hits you with a +0 giant spiked club!
* * * LOW HITPOINT WARNING * * *
You hit the ogre but do no damage.
The ogre is moderately wounded.
The ogre closely misses you.
You hit the ogre but do no damage.
The ogre is moderately wounded.
The ogre barely misses you.
The ogre hits you with a +0 giant spiked club!
* * * LOW HITPOINT WARNING * * *
You sock the ogre!
The ogre is severely wounded.
The ogre misses you.
You hit the ogre but do no damage.
The ogre is severely wounded.
The ogre hits you with a +0 giant spiked club!
You die...

#########
........############## #
#######.........@O...####
. ##############......##
.. ##...###.. #####......
######## .......<...
........ #########..
######## . ##### ....#


You could see an ogre.

Vanquished Creatures
  A sky beast (D:4)
  A phantom (D:4)
  6 adders
  6 gnolls (D:4)
  An adder skeleton (D:4)
  A worm (D:2)
  4 orcs
  6 bats
  8 endoplasms
  4 giant cockroaches
  10 goblins
  8 hobgoblins
  7 quokkas
  9 ball pythons
  3 frilled lizards
  4 kobolds
  5 rats
84 creatures vanquished.

Vanquished Creatures (others)
  4 plants (D:2)
4 creatures vanquished.

Grand Total: 88 creatures vanquished

Notes
Turn   | Place    | Note
-------+----------+-------------------------------------------
     0 | D:1      | dracfodder the Gargoyle Berserker began the quest for the
                  | Orb.
     0 | D:1      | Reached XP level 1. HP: 14/14 MP: 1/1
    62 | D:1      | Reached XP level 2. HP: 15/19 MP: 2/2
   331 | D:2      | Reached XP level 3. HP: 11/24 MP: 3/3
   770 | D:1      | Reached ** piety under Trog
  1002 | D:1      | Found Voffol's Antique Armour Emporium.
  1076 | D:1      | Found a faded altar of an unknown god.
  1182 | D:2      | Reached XP level 4. HP: 21/29 MP: 4/4
  1700 | D:3      | Found a shimmering blue altar of Sif Muna.
  2200 | D:2      | Upgraded the game from 0.28-a0-305-g9e858e973b to
                  | 0.28-a0-313-gbc0475efdd
  2940 | D:3      | Found an ornate altar of the Wu Jian Council.
  2951 | D:3      | Reached XP level 5. HP: 33/33 MP: 5/5
  3421 | D:5      | Entered Level 5 of the Dungeon
  3577 | D:4      | Noticed a sky beast
  3605 | D:4      | Killed a sky beast
  3606 | D:4      | Reached skill level 1 in Bows
  3606 | D:4      | Reached XP level 6. HP: 26/39 MP: 6/6
  3718 | D:4      | Found a staircase to the Ecumenical Temple.
  3893 | Temple   | Entered the Ecumenical Temple
  4020 | D:4      | Reached *** piety under Trog
  4144 | D:4      | Mangled by an ogre

Illustrated notes

Levels and vault maps discovered:
D:1:      heliophobic_arrival_enchanted_forest, layout_rooms,
          ebering_ecumenical_altar_webs, serial_shops, shop, kennysheep_doodads,
          hangedman_decor_riveting
D:2:      layout_loops_ring, serial_forest, infiniplex_forest_join,
          infiniplex_forest_end_1, infiniplex_forest_clump_long,
          infiniplex_forest_corner_2, infiniplex_forest_zigzag_2,
          infiniplex_forest_corner_1, infiniplex_forest_clump_medium,
          nrook_mini_vaults
D:3:      layout_loops_ring, nicolae_overflow_crystal_walls,
          general_overflow_altar
D:4:      layout_rooms, minmay_temple_entry_grid
D:5:      layout_basic, nicolae_tso_besieged_by_evil, uniq_sigmund
Temple:   lightli_temple_of_artemis

Skill      XL: |  1  2  3  4  5  6 |
---------------+-------------------+-----
Fighting       | 4 |  4.6
Maces & Flails | 4 |  4.9
Dodging        | 2 |  2.5
Bows           | 1 2 |  2.1
Armour         | 3 |  3.4
Stealth        | |  0.8

Action                   |  1- 3 |  4- 6 || total
-------------------------+-------+-------++-------
Melee: Mace              |   137 |   172 ||   309
 Fire: Longbow           |       |    27 ||    27
Invok: Berserk           |       |     1 ||     1
  Use: Scroll            |     1 |     6 ||     7
       Potion            |       |     1 ||     1
Armor: Animal skin       |    61 |    16 ||    77
       Ring mail         |       |    50 ||    50
Dodge: Dodged            |   104 |   103 ||   207

Table legend: (Time is in decaauts)
 A = Elapsed time spent in this place.
 B = Non-inter-level travel time spent in this place.
 C = Inter-level travel time spent in this place.
 D = Time resting spent in this place.
 E = Time spent auto-exploring this place.
 F = Levels seen in this place.
 G = Mean time per level.
                   A        B        C        D        E       F      G
               +--------+--------+--------+--------+--------+-----+--------+
         Total |   4236 |   4090 |    146 |    442 |   2667 |   6 |  706.0 |
       Dungeon |   4128 |   3999 |    129 |    442 |   2583 |   5 |  825.6 |
        Temple |    107 |     90 |     17 |      0 |     84 |   1 |  107.0 |
               +--------+--------+--------+--------+--------+-----+--------+

Top non-repeatable levels by time:
     D:2: 1200 daAuts
     D:3: 1159 daAuts
     D:1: 1082 daAuts
     D:4: 680 daAuts
  Temple: 107 daAuts
     D:5: 6 daAuts
